 Dungeon Crawl Stone Soup version 0.29.1-1-gd02db6906a (webtiles) character file.

Game seed: 13685035111346794801

26 KatarinaDamacy the Magician (level 3, -1/25 HPs)
             Began as a Djinni Hedge Wizard on Sept 27, 2022.
             Slain by a hobgoblin (3 damage)
             ... on level 2 of the Dungeon.
             The game lasted 00:03:00 (1119 turns).

KatarinaDamacy the Magician (Djinni Hedge Wizard)   Turns: 1119, Time: 00:03:01

Health: -1/25      AC:  2    Str:  9    XL:     3   Next: 22%
Gold:   99         EV: 12    Int: 17    God:
                   SH:  0    Dex: 12

rFire   + + .      SeeInvis .   a - +0 dagger
rCold   x . .      Faith    .   (no shield)
rNeg    . . .      Spirit   .   b - +0 robe
rPois   ∞          Reflect  .   c - +0 hat
rElec   .          Harm     .   (no cloak)
rCorr   .          Rampage  .   (no gloves)
Will    .....                   (boots unavailable)
Stlth   ++........              (no amulet)
HPRegen 0.08/turn               (no ring)
MPRegen 0.00/turn               (no ring)

@: about to teleport, flying
A: sickness immunity, fire resistance 2, cold vulnerability 1, float, innate
caster, HP casting, extra vitality 1
a: no special abilities


You were on level 2 of the Dungeon.
You visited 1 branch of the dungeon, and saw 2 of its levels.

You collected 99 gold pieces.

Inventory:

Hand Weapons
 a - a +0 dagger (weapon)
Armour
 b - a +0 robe (worn)
 c - a +0 hat (worn)
Scrolls
 d - a scroll of teleportation
 e - a scroll of silence {unknown}
 f - a scroll of poison {unknown}


   Skills:
 + Level 2.2 Dodging
 + Level 2.1 Stealth
 + Level 3.0 Spellcasting


You couldn't memorise any spells.
You knew the following spells:

 Your Spells              Type           Power      Damage    Failure   Level
a - Magic Dart            Conj           48%        1d5       4%          1
b - Blink                 Tloc           24%        N/A       8%          2
c - Call Imp              Summ           12%        N/A       8%          2
d - Slow                  Hex            48%        N/A       4%          1
e - Conjure Flame         Conj/Fire      12%        6-21      16%         3
f - Mephitic Cloud        Conj/Pois/Air  12%        N/A       16%         3
g - Summon Small Mammal   Summ           48%        N/A       4%          1
Your spell library was empty.

Dungeon Overview and Level Annotations

Branches:
Dungeon (2/15)

Altars:

Shops:
D:1 (


Innate Abilities, Weirdness & Mutations

You are immune to sickness and miasma.
You are immune to poison.
Your flesh is very heat resistant. (rF++)
You are vulnerable to cold. (rC-)
You float through the air rather than walking.
You learn spells naturally, not from books.
Your magical power is your life essence.
You have superior vitality. (+4 MHP)


Message History

The adder is heavily wounded.
The adder completely misses you. The adder closely misses you.
Casting: Magic Dart (safe; 6% risk of failure)
Confirm with . or Enter, or press ? or * to list all spells.
You blink.
The hobgoblin hits you.
Casting: Blink (safe; 9% risk of failure)
Confirm with . or Enter, or press ? or * to list all spells.
A metallic apparition takes form in the air.
* * * LOW HITPOINT WARNING * * *
The giant cockroach misses you. The hobgoblin barely misses you.
An endoplasm comes into view.
The endoplasm quivers.
The giant cockroach completely misses you.
The hobgoblin closely misses you.
The adder bites your iron imp but does no damage.
Your iron imp hits the adder.
The adder bites your iron imp but does no damage.
The giant cockroach misses you.
You closely miss the hobgoblin.
You feel stable enough to blink again. The adder barely misses your iron imp.
Your iron imp hits the adder!
The adder dies!
The giant cockroach barely misses you.
The hobgoblin hits you but does no damage.
Your Stealth skill increases to level 2!
You have reached level 3!
Your experience leads to an increase in your attributes!
Increase (S)trength, (I)ntelligence, or (D)exterity?
You feel clever. x2
The power to cast Summon Small Mammal wells up from within.
Spell assigned to 'g'.
As you read the scroll labelled FUECI KUHUSUVI, it crumbles to dust.
You feel strangely unstable.
It was a scroll of teleportation.
The giant cockroach bites you.
* * * LOW HITPOINT WARNING * * *
The quokka bites your iron imp. The hobgoblin hits you.
* * * LOW HITPOINT WARNING * * *
The giant cockroach bites your iron imp but does no damage.
The hobgoblin hits you.
You die...

.###########
.J...J.#...###
#.Bg@...#
#..5....#
##..r...# .
###b#### ..[
#...###....K
###r<.......
##..[.....
...##$##.
##.## #


You could see an endoplasm, a quokka, a giant cockroach, a hobgoblin (ally
target), a bat and a friendly iron imp (summoned).

Vanquished Creatures
  2 ball pythons (D:1)
  An endoplasm (D:1)
  3 goblins (D:1)
  3 hobgoblins (D:1)
  3 bats (D:1)
  A frilled lizard (D:1)
  2 kobolds (D:1)
  A rat (D:1)
16 creatures vanquished.

Vanquished Creatures (collateral kills)
  An adder (D:2)
1 creature vanquished.

Grand Total: 17 creatures vanquished

Notes
Turn   | Place    | Note
-------+----------+-------------------------------------------
     0 | D:1      | KatarinaDamacy the Djinni Hedge Wizard began the quest for
                  | the Orb.
     0 | D:1      | KatarinaDamacy set off with the following spells memorised:
                  | Magic Dart, Blink, Call Imp, Slow, Conjure Flame, Mephitic
                  | Cloud.
     0 | D:1      | Reached XP level 1. HP: 15/15 MP: 0/0
   333 | D:1      | Reached XP level 2. HP: 20/21 MP: 0/0
   571 | D:1      | Found Fuolilloip's Weapon Shoppe.
   787 | D:1      | Reached skill level 3 in Spellcasting
  1118 | D:2      | Reached XP level 3. HP: 6/25 MP: 0/0
  1118 | D:2      | Learned a level 1 spell: Summon Small Mammal
  1119 | D:2      | Slain by a hobgoblin

Illustrated notes

Levels and vault maps discovered:
D:1:      nagdon_arrival_double_spiral, layout_basic, serial_shops,
          nicolae_shop_hallway_plus
D:2:      cheibrodos_old_hovel, layout_basic

Skill      XL: |  1  2 |
---------------+-------+-----
Spellcasting   | 3 |  3.0
Stealth        | 2 |  2.1
Dodging        | |  2.2

Action                   || total
-------------------------++-------
Melee: Dagger            ||     1
 Cast: Magic Dart        ||    33
       Call Imp          ||     3
       Blink             ||     2
  Use: Scroll            ||     1
Armor: Robe              ||     1
Dodge: Dodged            ||    10
